 Dungeon Crawl Stone Soup version 0.23.1 (webtiles) character file.

Game seed: 0

7991 nikopol the Spear-Bearer (level 11, -10/145 HPs)
             Began as a Minotaur Berserker on Mar 2, 2019.
             Was an Elder of Trog.
             Mangled by an eight-headed hydra (12 damage)
             ... on level 1 of the Lair of Beasts.
             The game lasted 00:19:30 (10636 turns).

nikopol the Spear-Bearer (Minotaur Berserker)      Turns: 10636, Time: 00:19:31

Health: -10/145    AC: 13    Str: 30    XL:     11   Next: 4%
Magic:  10/10      EV: 12    Int:  4    God:    Trog [****..]
Gold:   711        SH:  0    Dex: 10    Spells: 10/10 levels left

rFire    + . .     SeeInvis .   o - +0 flail
rCold    . . .     Gourm    .   (no shield)
rNeg     . . .     Faith    .   e - +0 scale mail
rPois    .         Spirit   .   (helmet restricted)
rElec    .         Reflect  .   g - +2 cloak {+Inv}
rCorr    .         Harm     .   s - +1 pair of gloves
MR       .....                  (no boots)
Stlth    ..........             (no amulet)
HPRegen  0.34/turn              v - ring of protection from fire
MPRegen  0.12/turn              O - ring of stealth

@: berserking, very quick
A: retaliatory headbutt, horns 2
a: Berserk, Trog's Hand, Brothers in Arms, Renounce Religion, Evoke Invisibility


You were on level 1 of the Lair of Beasts.
You worshipped Trog.
Trog was greatly pleased with you.
You were not hungry.

You visited 2 branches of the dungeon, and saw 10 of its levels.
You also visited: Sewer.

You collected 711 gold pieces.

Inventory:

Hand Weapons
 o - a +0 flail (weapon)
 z - a +1 shortbow
 I - a +0 shortbow of flaming
Missiles
 m - 207 arrows
Armour
 e - a +0 scale mail (worn)
 g - a +2 cloak of invisibility (worn)
 s - a +1 pair of gloves (worn)
Jewellery
 v - a ring of protection from fire (left hand)
 O - a ring of stealth (right hand)
Wands
 a - a wand of random effects (15)
 y - a wand of disintegration (11)
 K - a wand of paralysis (11)
 M - a wand of polymorph (10)
Scrolls
 k - 2 scrolls of teleportation {unknown}
 t - 5 scrolls of enchant armour
 w - 3 scrolls of fog {unknown}
 A - 2 scrolls of enchant weapon
 E - a scroll of blinking {unknown}
 G - a scroll of magic mapping
 H - 2 scrolls of fear {unknown}
 J - a scroll of remove curse
 L - a scroll of amnesia {unknown}
Potions
 d - 5 potions of might
 f - a potion of cancellation {unknown}
 h - 6 potions of curing
 l - 3 potions of flight
 p - 6 potions of heal wounds
 q - 2 potions of magic
 r - a potion of berserk rage {unknown}
 u - a potion of ambrosia {unknown}
 x - 4 potions of agility
 B - a potion of haste {unknown}
 C - a potion of brilliance {unknown}
 D - a potion of lignification {unknown}
 F - a potion of invisibility {unknown}
Comestibles
 c - 26 rations


   Skills:
 + Level 9.2 Fighting
   Level 11.5 Polearms
 * Level 10.6 Bows
 + Level 7.6 Armour
 + Level 5.2 Dodging
 + Level 1.5 Stealth


You had 10 spell levels left.
You didn't know any spells.
Your spell library was empty.

Dungeon Overview and Level Annotations

Branches:
Dungeon (9/15)             Temple (0/1) D:4            Lair (1/6) D:9
    Orc: D:9-12

Altars:
Cheibriados
Dithmenos
Fedhas
Hepliaklqana
Kikubaaqudgha
Nemelex Xobeh
Okawaru
Qazlal
Ru
Uskayaw
Xom
Yredelemnul
The Shining One

Shops:
D:8 %

Annotations:
D:7 2 transporters, zkyp's ghost, novice OgAr


Innate Abilities, Weirdness & Mutations

You reflexively headbutt those who attack you in melee.
You have a pair of horns on your head.


Message History

You're too hungry.
You eat one of the 27 rations.
That ration really hit the spot!
The eight-headed hydra closely misses you.
You furiously retaliate!
You headbutt the eight-headed hydra. The eight-headed hydra bites you!
* * * LOW HITPOINT WARNING * * *
The eight-headed hydra bites you but does no damage. x2
The eight-headed hydra bites you!
* * * LOW HITPOINT WARNING * * *
The eight-headed hydra bites you but does no damage.
The eight-headed hydra bites you.
* * * LOW HITPOINT WARNING * * *
The eight-headed hydra bites you but does no damage.
A red film seems to cover your vision as you go berserk!
You feel yourself moving faster!
You feel mighty!
You feel a lot more hungry.
The eight-headed hydra bites you but does no damage.
The eight-headed hydra misses you.
The eight-headed hydra bites you but does no damage.
The eight-headed hydra bites you!
You die...

........................
......##.##+.+#.(#
..............#.(#
.................+
......#.......#.(#
P#....#.......#.(#
..............#.†+
.#....#.##.#.##.D#
.#......(.......@#
........................
.#..................####
.#..................#
.#....######P.#.....#
.+....# ####.....#
#.....# #.....# ......#
#...... ......#


You could see an eight-headed hydra.

Vanquished Creatures
  3 two-headed ogres
  A spiny frog (Lair:1)
  An efreet (D:9)
  A hippogriff (D:8)
  Sigmund (D:3)
  A human (D:7)
  4 hogs (D:7)
  A vampire mosquito (D:7)
  A steam dragon (D:7)
  2 insubstantial wisps (D:7)
  A porcupine (Lair:1)
  6 sky beasts
  2 orc warriors
  2 ice beasts
  A necrophage (D:8)
  4 ogres
  4 centaurs
  A crocodile (D:8)
  2 big kobolds
  6 bullfrogs
  A wyvern skeleton (D:7)
  7 scorpions
  2 howler monkeys
  3 centaur zombies
  2 crimson imps (D:5)
  4 hounds
  3 jellies
  A gnoll shaman (D:7)
  An orc priest (D:8)
  2 bullfrog skeletons
  3 iguanas
  4 orc wizards
  6 worker ants
  2 hound zombies
  A hound skeleton (D:4)
  5 gnolls
  2 river rats
  14 adders
  A shadow imp (D:6)
  2 oozes
  An adder skeleton (D:4)
  An adder zombie (D:5)
  3 worms
  14 leopard geckos
  18 orcs
  6 ball pythons
  6 bats
  6 giant cockroaches
  10 hobgoblins
  4 quokkas
  9 frilled lizards
  15 goblins
  A jackal skeleton (D:5)
  14 kobolds
  9 rats
  A butterfly (D:9)
229 creatures vanquished.

Vanquished Creatures (others)
  5 toadstools (D:1)
5 creatures vanquished.

Grand Total: 234 creatures vanquished

Notes
Turn   | Place    | Note
-------+----------+-------------------------------------------
     0 | D:1      | nikopol the Minotaur Berserker began the quest for the Orb.
     0 | D:1      | Reached XP level 1. HP: 19/19 MP: 0/0
    34 | D:1      | Reached skill level 4 in Polearms
    34 | D:1      | Reached XP level 2. HP: 27/27 MP: 1/1
   982 | D:2      | Reached XP level 3. HP: 34/34 MP: 2/2
  1001 | D:2      | Reached XP level 4. HP: 17/41 MP: 3/3
  1209 | D:2      | You fall through a shaft!
  1239 | D:3      | Noticed Sigmund
  1254 | D:3      | Killed Sigmund
  1254 | D:3      | Reached skill level 5 in Fighting
  1254 | D:3      | Reached skill level 5 in Polearms
  1254 | D:3      | Reached XP level 5. HP: 49/49 MP: 4/4
  1254 | D:3      | Reached XP level 6. HP: 56/56 MP: 5/5
  1352 | D:2      | Reached skill level 6 in Polearms
  1355 | D:2      | Reached ** piety under Trog
  1458 | D:2      | Noticed a +0 dagger
  1458 | D:2      | Noticed a +0 dagger
  1459 | D:2      | Found a hide-covered altar of Uskayaw.
  1619 | D:2      | Found a snail-covered altar of Cheibriados.
  2063 | D:3      | Reached *** piety under Trog
  2317 | D:3      | Found a faded altar of an unknown god.
  2381 | D:4      | Found a staircase to the Ecumenical Temple.
  2788 | D:4      | Found an ancient bone altar of Kikubaaqudgha.
  2921 | D:5      | Entered Level 5 of the Dungeon
  2928 | D:5      | Reached skill level 7 in Polearms
  2928 | D:5      | Reached XP level 7. HP: 63/63 MP: 6/6
  3209 | D:5      | Found a sparkling altar of Nemelex Xobeh.
  3232 | D:5      | Reached skill level 8 in Polearms
  3603 | D:6      | Found a hazy altar of Hepliaklqana.
  3605 | D:6      | Found a glowing golden altar of the Shining One.
  3671 | D:6      | Found a glowing drain.
  3691 | Sewer    | Entered a sewer
  3786 | Sewer    | Reached **** piety under Trog
  4169 | D:6      | Reached skill level 1 in Bows
  4169 | D:6      | Reached XP level 8. HP: 58/71 MP: 7/7
  4329 | D:6      | Reached skill level 9 in Polearms
  4329 | D:6      | Reached skill level 1 in Stealth
  4964 | D:7      | Found a transporter.
  4964 | D:7      | Noticed zkyp's ghost (novice OgAr)
  5045 | D:7      | Found a stormy altar of Qazlal.
  5072 | D:7      | Reached skill level 5 in Bows
  5320 | D:7      | Reached XP level 9. HP: 29/79 MP: 8/8
  5336 | D:7      | Received a gift from Trog
  5829 | D:7      | Found a sacrificial altar of Ru.
  5900 | D:7      | Found a transporter.
  6375 | D:7      | Reached skill level 5 in Armour
  6829 | D:7      | Found a blossoming altar of Fedhas.
  6916 | D:7      | Reached skill level 10 in Polearms
  6916 | D:7      | Reached skill level 5 in Dodging
  6936 | D:7      | Received a gift from Trog
  7314 | D:8      | Found an iron altar of Okawaru.
  7315 | D:8      | Noticed a two-headed ogre
  7336 | D:8      | Killed a two-headed ogre
  7336 | D:8      | Reached XP level 10. HP: 35/89 MP: 9/9
  7978 | D:8      | Found a shadowy altar of Dithmenos.
  8026 | D:8      | Noticed a two-headed ogre
  8040 | D:8      | Killed a two-headed ogre
  8040 | D:8      | Reached skill level 11 in Polearms
  8343 | D:8      | Found Sidwoduf's Food Boutique.
  8436 | D:8      | Found a basalt altar of Yredelemnul.
  8467 | D:8      | Received a gift from Trog
  9217 | D:9      | Found a staircase to the Lair.
  9334 | D:9      | Noticed a two-headed ogre
  9350 | D:9      | Killed a two-headed ogre
  9350 | D:9      | Reached skill level 10 in Bows
  9569 | D:9      | Found a shimmering altar of Xom.
  9686 | D:9      | Received a gift from Trog
 10193 | Lair:1   | Entered Level 1 of the Lair of Beasts
 10204 | Lair:1   | Noticed a spiny frog
 10215 | Lair:1   | Killed a spiny frog
 10215 | Lair:1   | Reached XP level 11. HP: 56/97 MP: 10/10
 10615 | Lair:1   | Noticed an eight-headed hydra
 10635 | Lair:1   | HP: 2/97 [eight-headed hydra (8)]
 10636 | Lair:1   | Mangled by an eight-headed hydra

Skill      XL: |  1  2  3  4  5  6  7  8  9 10 |
---------------+-------------------------------+-----
Fighting       | 4 5 6 7 8 9 |  9.2
Polearms       | 4 5 7 8 9 10 11 | 11.5
Armour         | 3 4 6 7 |  7.6
Dodging        | 3 4 5 |  5.2
Bows           | 1 6 8 10 | 10.6
Stealth        | 1 |  1.5

Action                   |  1- 3 |  4- 6 |  7- 9 | 10-12 || total
-------------------------+-------+-------+-------+-------++-------
Melee: Spear             |    51 |   182 |   406 |   199 ||   838
       Headbutt          |     5 |    23 |    71 |    43 ||   142
       Flail             |       |       |       |     3 ||     3
 Fire: Shortbow          |       |       |   101 |    85 ||   186
Invok: Berserk           |       |     1 |     1 |     3 ||     5
  Use: Scroll            |       |       |     8 |     7 ||    15
       Potion            |       |       |       |     1 ||     1
  Eat: Chunk             |       |     6 |    13 |    10 ||    29
       Ration            |       |       |     1 |     1 ||     2
Armor: Animal skin       |     3 |    23 |     5 |       ||    31
       Scale mail        |       |       |    81 |    58 ||   139
Dodge: Dodged            |    16 |    69 |   144 |    75 ||   304
